[Event "November 21 Early 2023"]
[Site "https://www.chess.com"]
[Date "2023.11.21"]
[Round "6"]
[White "Eljanov, Pavel"]
[Black "Starozhilov, Leonid"]
[Result "1-0"]
[Board "40"]
[TimeControl "180+1"]
[WhiteFideId "14102951"]
[BlackFideId "14106752"]
[WhiteElo "2598"]
[BlackElo "2270"]
[WhiteTeam "UKR"]
[BlackTeam "UKR"]
[WhiteClock "0:00:33"]
[BlackClock "0:00:04"]

1. d4 Nf6 2. Bf4 d6 3. Nc3 Nbd7 4. Nf3 c5 5. d5 Qa5 6. Bd2 g6 7. e4 Bg7 8. Be2 O-O 9. O-O a6 10. h3 Qd8 11. a4 Rb8 12. Re1 Ne8 13. Bf4 b5 14. axb5 axb5 15. Nxb5 Bxb2 16. Rb1 Bg7 17. Na7 Rxb1 18. Qxb1 Ne5 19. Nxe5 Bxe5 20. Nc6 Qc7 21. Bxe5 dxe5 22. Qb5 Qd6 23. Ra1 Nc7 24. Qb2 f6 25. Ra7 Bd7 26. Qb6 Bxc6 27. Qxc7 Qxc7 28. Rxc7 Ba4 29. Rxc5 Rb8 30. Rc7 Kf8 31. f3 h5 32. Rc4 Rb1+ 33. Kf2 Ra1 34. Rc8+ Kg7 35. Ra8 Ra2 36. Bd3 Bb3 37. Rxa2 Bxa2 38. Ke3 g5 39. Kd2 Kf7 40. Kc3 1-0

[Event "November 21 Early 2023"]
[Site "https://www.chess.com"]
[Date "2023.11.21"]
[Round "6"]
[White "Volkov, Maksim"]
[Black "Javakhadze, Zurab"]
[Result "0-1"]
[Board "41"]
[TimeControl "180+1"]
[WhiteFideId "54123070"]
[BlackFideId "13603647"]
[WhiteElo "2293"]
[BlackElo "2381"]
[WhiteTeam "RUS"]
[BlackTeam "GEO"]
[WhiteClock "0:00:12"]
[BlackClock "0:00:04"]

1. d4 Nf6 2. c4 e6 3. g3 d5 4. Bg2 Be7 5. Nf3 O-O 6. Nc3 a5 7. O-O c6 8. Qd3 b6 9. e4 Ba6 10. b3 b5 11. Ne5 bxc4 12. bxc4 Nfd7 13. exd5 cxd5 14. Rd1 Qc8 15. Nxd7 Nxd7 16. Qe3 Bb4 17. c5 Bxc3 18. Qxc3 Nb8 19. Qxa5 Nc6 20. Qc3 Bc4 21. a4 Rb8 22. Ra3 Qa6 23. Bf4 Rb4 24. Rda1 Ra8 25. a5 Bb5 26. Be3 Bc4 27. h4 h6 28. Kh2 Qb7 29. Bf4 Ra6 30. g4 Be2 31. Kg3 Nxd4 32. Be5 Nc6 33. Bxg7 Qb8+ 34. f4 Qxf4+ 35. Kh3 Bxg4# 0-1

[Event "November 21 Early 2023"]
[Site "https://www.chess.com"]
[Date "2023.11.21"]
[Round "6"]
[White "BardArtem"]
[Black "Yen, William"]
[Result "1-0"]
[Board "42"]
[TimeControl "180+1"]
[BlackFideId "30932025"]
[WhiteElo "2850"]
[BlackElo "1956"]
[BlackTeam "USA"]
[WhiteClock "0:01:56"]
[BlackClock "0:02:21"]

1. e4 c5 2. c3 g6 3. d4 cxd4 4. cxd4 d5 5. e5 Nc6 6. Nc3 a6 7. h3 Bg7 8. Nf3 f6 9. exf6 Nxf6 10. Bd3 O-O 11. O-O Qd6 12. Re1 Bd7 13. Bg5 Rae8 14. Rc1 b5 15. a4 b4 16. Bxf6 Rxf6 17. Nxd5 Rf7 1-0

[Event "November 21 Early 2023"]
[Site "https://www.chess.com"]
[Date "2023.11.21"]
[Round "6"]
[White "Agibileg, Uurtsaikh"]
[Black "Szpar, Milosz"]
[Result "0-1"]
[Board "43"]
[TimeControl "180+1"]
[WhiteFideId "4901606"]
[BlackFideId "1184989"]
[WhiteElo "2288"]
[BlackElo "2446"]
[WhiteTeam "MGL"]
[BlackTeam "POL"]
[WhiteClock "0:00:21"]
[BlackClock "0:00:18"]

1. d4 Nf6 2. c4 c5 3. d5 e6 4. Nc3 exd5 5. cxd5 d6 6. e4 g6 7. Bd3 Bg7 8. h3 O-O 9. Nf3 b5 10. Nxb5 Re8 11. O-O Nxe4 12. Bxe4 Rxe4 13. Bg5 Qd7 14. a4 Na6 15. Qc2 Re8 16. Rae1 Bb7 17. Qd2 Nb4 18. Bf4 Bf8 19. Nc3 Ba6 20. Rxe8 Rxe8 21. Re1 Nd3 22. Ne4 Bg7 23. Bh6 Nxe1 24. Bxg7 Nxf3+ 25. gxf3 Rxe4 26. Qh6 f5 27. Bc3 Re8 0-1

[Event "November 21 Early 2023"]
[Site "https://www.chess.com"]
[Date "2023.11.21"]
[Round "6"]
[White "Klukin, Kirill"]
[Black "Piesik, Piotr"]
[Result "0-1"]
[Board "44"]
[TimeControl "180+1"]
[WhiteFideId "24199273"]
[BlackFideId "1136194"]
[WhiteElo "2344"]
[BlackElo "2309"]
[WhiteTeam "RUS"]
[BlackTeam "CZE"]
[WhiteClock "0:00:02"]
[BlackClock "0:00:25"]

1. d4 c5 2. d5 e5 3. c4 d6 4. Nc3 Be7 5. g3 Bg5 6. Bg2 Bxc1 7. Qxc1 Ne7 8. e4 O-O 9. Nge2 a6 10. O-O f5 11. f4 Nd7 12. a4 h6 13. Qd2 Qe8 14. Rae1 Qh5 15. Bf3 Qg6 16. b3 Kh8 17. Qc2 Qf6 18. exf5 Nxf5 19. Be4 Ne3 20. Qd2 Nxf1 21. Rxf1 Qe7 22. Bb1 Nf6 23. fxe5 Qxe5 24. Nf4 Kg8 25. Ng6 Qd4+ 26. Qxd4 cxd4 27. Ne4 Bh3 28. Rf4 Rfe8 29. Kf2 Ng4+ 30. Kg1 Rad8 31. Bc2 Ne3 32. Bd3 Bf5 33. Nh4 Bxe4 34. Rxe4 Rxe4 35. Bxe4 Rf8 36. Nf3 g5 37. h3 h5 38. Nxd4 Rf1+ 39. Kh2 Rf2+ 40. Kg1 Rd2 41. Nf5 Nxf5 42. Bxf5 a5 43. h4 gxh4 44. gxh4 Kg7 45. Kf1 Kf6 46. Ke1 Rb2 47. c5 Kxf5 0-1

[Event "November 21 Early 2023"]
[Site "https://www.chess.com"]
[Date "2023.11.21"]
[Round "6"]
[White "Arslanov, Shamil"]
[Black "Idani, Pouya"]
[Result "0-1"]
[Board "45"]
[TimeControl "180+1"]
[WhiteFideId "4192826"]
[BlackFideId "12510130"]
[WhiteElo "2326"]
[BlackElo "2574"]
[WhiteTeam "RUS"]
[BlackTeam "IRI"]
[WhiteClock "0:00:00"]
[BlackClock "0:00:17"]

1. d4 Nf6 2. f3 d5 3. e4 dxe4 4. Nc3 e3 5. Bxe3 Bf5 6. g4 Bg6 7. h4 h6 8. Nh3 Nd5 9. Nxd5 Qxd5 10. Nf4 Qd6 11. Qd2 Nd7 12. c4 e5 13. c5 Qe7 14. Nxg6 fxg6 15. O-O-O Qf7 16. Kb1 exd4 17. Qxd4 Bxc5 18. Qe4+ Be7 19. Bc4 Qf6 20. Be6 O-O-O 21. g5 Qf8 22. Qxg6 Bd6 23. Rd3 Kb8 24. Bxd7 Rxd7 25. gxh6 gxh6 26. Rhd1 b6 27. h5 Rf7 28. Qe4 Qe7 29. Qc6 Qe8 30. Qd5 Rhf8 31. Bd4 Rf5 32. Qe4 Qxe4 33. fxe4 Rxh5 34. Re3 Re8 35. Rde1 Be5 36. Bc3 Kb7 37. Bd2 Re6 38. Rd3 Rh2 39. Bc1 h5 40. Rf1 h4 41. Rf5 Bg3 42. Rh5 Rh1 43. Rc3 Rc6 44. Rxc6 Kxc6 45. Kc2 Kd7 46. Be3 Re1 47. Kd3 Rb1 48. Kc2 Rf1 49. Kd3 Ke6 50. Bd2 Kf6 51. Rh6+ Kg7 52. Rh5 Rb1 53. Kc2 Rf1 54. Kd3 Rh1 55. e5 h3 56. Be3 h2 57. Rg5+ Kf7 58. Rxg3 Rd1+ 59. Ke2 h1=Q 60. Rf3+ Ke8 0-1

[Event "November 21 Early 2023"]
[Site "https://www.chess.com"]
[Date "2023.11.21"]
[Round "6"]
[White "Bettalli, Francesco"]
[Black "Cherniaiev, Tykhon"]
[Result "0-1"]
[Board "46"]
[TimeControl "180+1"]
[WhiteFideId "2816453"]
[BlackFideId "14182360"]
[WhiteElo "2226"]
[BlackElo "2438"]
[WhiteTeam "ITA"]
[BlackTeam "UKR"]
[WhiteClock "0:00:48"]
[BlackClock "0:00:11"]

1. e4 e5 2. Nf3 Nc6 3. c3 Nf6 4. d4 exd4 5. e5 Ne4 6. cxd4 d5 7. Bd3 Bb4+ 8. Nbd2 Bg4 9. a3 Bxd2+ 10. Bxd2 Nxd2 11. Kxd2 Bxf3 12. gxf3 Nxd4 13. Qa4+ Nc6 14. Bb5 O-O 15. Bxc6 bxc6 16. Rhg1 Rb8 17. Kc2 Qe7 18. Qf4 Qc5+ 19. Kb1 g6 20. Qd2 Rb3 21. Rc1 Qb6 22. Ka2 Rb8 23. Rc2 Rxf3 24. b4 a5 25. Rb1 Ra8 26. b5 Re8 27. Rxc6 Rxf2 0-1

[Event "November 21 Early 2023"]
[Site "https://www.chess.com"]
[Date "2023.11.21"]
[Round "6"]
[White "Bodnaruk, Anastasia"]
[Black "Vakhlamov, Igor L."]
[Result "0-1"]
[Board "47"]
[TimeControl "180+1"]
[WhiteFideId "4181751"]
[BlackFideId "24126748"]
[WhiteElo "2260"]
[BlackElo "2407"]
[WhiteTeam "RUS"]
[BlackTeam "RUS"]
[WhiteClock "0:00:00"]
[BlackClock "0:00:10"]

1. e4 c5 2. Nc3 e6 3. Nf3 Nc6 4. Be2 Nf6 5. O-O Be7 6. d4 cxd4 7. Nxd4 d5 8. exd5 exd5 9. Bf3 O-O 10. Re1 h6 11. Nb3 Be6 12. Nb5 Qb6 13. N5d4 Nxd4 14. Nxd4 Bc5 15. c3 Rfe8 16. b3 Rac8 17. Be3 Qc7 18. Rc1 a6 19. c4 Bxd4 20. cxd5 Qa5 21. dxe6 Bxe3 22. exf7+ Kxf7 23. fxe3 Rcd8 24. Qc2 b5 25. Qc7+ Qxc7 26. Rxc7+ Re7 27. Rxe7+ Kxe7 28. a4 Rd3 29. Bb7 Rxb3 30. a5 Ra3 31. e4 Rxa5 32. e5 Nd7 33. Bd5 b4 34. Bc4 Nxe5 35. Bxa6 Kd6 36. Bb7 b3 37. Be4 Kc5 38. Rb1 Kb4 39. Kf2 Nc4 40. Ke2 Re5 41. Kd3 Nd2 42. Kxd2 Rxe4 43. Kd3 Re7 44. g4 Rf7 45. Ke4 Rf2 46. h4 b2 47. Rd1 Kb3 48. Ke5 Kc2 0-1

[Event "November 21 Early 2023"]
[Site "https://www.chess.com"]
[Date "2023.11.21"]
[Round "6"]
[White "Saravana, Krishnan P."]
[Black "Weetik, Vjacheslav"]
[Result "1-0"]
[Board "48"]
[TimeControl "180+1"]
[WhiteFideId "5018382"]
[BlackFideId "4153472"]
[WhiteElo "2167"]
[BlackElo "2469"]
[WhiteTeam "IND"]
[BlackTeam "RUS"]
[WhiteClock "0:00:44"]
[BlackClock "0:00:03"]

1. e4 c6 2. Nf3 d5 3. exd5 cxd5 4. Ne5 Nf6 5. d4 g6 6. Bd3 Bg7 7. O-O O-O 8. Re1 Nc6 9. c3 Nxe5 10. dxe5 Ng4 11. e6 Ne5 12. exf7+ Rxf7 13. Be2 Qb6 14. Rf1 e6 15. Nd2 Bd7 16. Nb3 Qc7 17. Be3 Nc4 18. Bxc4 Qxc4 19. Qd2 e5 20. Rad1 Bb5 21. Rfe1 Bc6 22. Bh6 Bf6 23. Bg5 Bh8 24. Qe3 b6 25. Bh6 Bf6 26. Qh3 Re8 27. Qg3 Qa4 28. Bg5 Bh8 29. Nc1 h5 30. h3 Kh7 31. a3 Ref8 32. f3 Qb5 33. Nd3 e4 34. fxe4 dxe4 35. Nf4 Be5 36. Rf1 Qxb2 37. Bh6 Rg8 38. Qg5 Bxc3 39. Nxh5 e3 40. Rxf7+ Kh8 41. Bg7+ Rxg7 42. Qh6+ Kg8 43. Rxg7+ Bxg7 44. Qxg7+ Qxg7 45. Nxg7 Kxg7 46. Re1 1-0

[Event "November 21 Early 2023"]
[Site "https://www.chess.com"]
[Date "2023.11.21"]
[Round "6"]
[White "Srebrnic, Marko"]
[Black "Djordjevic, Vuk"]
[Result "0-1"]
[Board "49"]
[TimeControl "180+1"]
[WhiteFideId "14603616"]
[BlackFideId "902098"]
[WhiteElo "2322"]
[BlackElo "2425"]
[WhiteTeam "SLO"]
[BlackTeam "SRB"]
[WhiteClock "0:00:01"]
[BlackClock "0:00:08"]

1. e4 d5 2. exd5 Qxd5 3. Nc3 Qd6 4. g3 Nf6 5. Bg2 c6 6. d3 Bg4 7. Bf3 h5 8. Qe2 Nbd7 9. Ne4 Nxe4 10. Qxe4 Nf6 11. Qe2 e6 12. Bf4 Qc5 13. O-O-O Bd6 14. Bxd6 Qxd6 15. Bxg4 hxg4 16. h4 Qd5 17. f3 Qxa2 18. c3 O-O-O 19. fxg4 Qa1+ 20. Kc2 Qa4+ 21. Kb1 Ne4 22. Qe1 Nc5 23. d4 Nb3 24. Nf3 Rd5 25. Nd2 Ra5 26. Nxb3 Qxb3 27. Rh2 Ra2 28. Rd3 Qa4 29. Kc1 Ra1+ 0-1

[Event "November 21 Early 2023"]
[Site "https://www.chess.com"]
[Date "2023.11.21"]
[Round "6"]
[White "Martinez Alcantara, Jose Eduardo"]
[Black "Kuznetsova, Olga"]
[Result "1-0"]
[Board "50"]
[TimeControl "180+1"]
[WhiteFideId "3805662"]
[BlackFideId "4191323"]
[WhiteElo "2703"]
[BlackElo "2134"]
[WhiteTeam "PER"]
[BlackTeam "RUS"]
[WhiteClock "0:01:44"]
[BlackClock "0:01:08"]

1. e4 e6 2. d4 d5 3. exd5 exd5 4. Nf3 Nf6 5. Bd3 Bd6 6. O-O O-O 7. h3 h6 8. c4 c6 9. Nc3 Be6 10. cxd5 Nxd5 11. Re1 Nxc3 12. bxc3 Qf6 13. Nd2 Bc7 14. Ne4 Qh4 15. Qf3 Nd7 16. Rb1 Nb6 17. Ba3 Rfe8 18. Bd6 Bxd6 19. Nxd6 Bd5 20. Be4 Bxe4 21. Qxf7+ Kh7 22. Nxe8 Rxe8 23. Qxe8 Bxb1 24. Rxb1 Qe4 25. Qxe4+ 1-0

[Event "November 21 Early 2023"]
[Site "https://www.chess.com"]
[Date "2023.11.21"]
[Round "6"]
[White "Demchenko, Anton"]
[Black "Skatchkov, Valery"]
[Result "0-1"]
[Board "51"]
[TimeControl "180+1"]
[WhiteFideId "4160258"]
[BlackFideId "24195812"]
[WhiteElo "2545"]
[BlackElo "2320"]
[WhiteTeam "SLO"]
[BlackTeam "RUS"]
[WhiteClock "0:00:01"]
[BlackClock "0:00:05"]

1. e4 e5 2. Nf3 Nf6 3. Nxe5 d6 4. Nf3 Nxe4 5. Qe2 Qe7 6. d3 Nf6 7. Bg5 Qxe2+ 8. Bxe2 Be7 9. Nc3 c6 10. O-O-O Na6 11. h3 Nc7 12. Rde1 Ne6 13. Bd2 a5 14. g4 b5 15. Bd1 b4 16. Ne2 Bb7 17. Rhg1 c5 18. Ng3 g6 19. Ng5 Bd5 20. c4 bxc3 21. Ba4+ Kf8 22. bxc3 Nxg5 23. Bxg5 h6 24. Bd2 Be6 25. c4 Nh7 26. Ne4 Ng5 27. Rg3 Nxe4 28. Rxe4 Bf6 29. Rf3 Kg7 30. Bc6 Rab8 31. Bd5 Bxd5 32. cxd5 g5 33. a4 Rb3 34. Bxa5 Rhb8 35. Kd1 Rb1+ 36. Ke2 R8b2+ 37. Ke3 Bd4+ 38. Rxd4 cxd4+ 39. Ke4 Ra2 40. Bc7 Re1+ 41. Kxd4 Rxa4+ 42. Kc3 Rc1+ 43. Kb3 Ra6 44. Bd8 Rc8 45. Bf6+ Kh7 46. Bd4 Kg8 47. Re3 Ra5 48. Re4 Rb5+ 49. Ka4 Rb7 50. Ba7 Ra8 51. Ka5 Raxa7# 0-1

[Event "November 21 Early 2023"]
[Site "https://www.chess.com"]
[Date "2023.11.21"]
[Round "6"]
[White "Zhigalko, Sergei"]
[Black "ChainedDowntohell"]
[Result "1-0"]
[Board "52"]
[TimeControl "180+1"]
[WhiteFideId "13502956"]
[WhiteElo "2616"]
[BlackElo "2584"]
[WhiteTeam "BLR"]
[WhiteClock "0:00:03"]
[BlackClock "0:00:00"]

1. e4 c5 2. Nf3 g6 3. c3 d5 4. exd5 Qxd5 5. d4 Bg7 6. Na3 cxd4 7. Bc4 Qe4+ 8. Be3 Nh6 9. Nb5 O-O 10. cxd4 Nc6 11. Nc3 Qg4 12. O-O Qh5 13. Be2 Bg4 14. h3 Bxf3 15. Bxf3 Qa5 16. g4 Kh8 17. Bg2 Rad8 18. d5 Ne5 19. Re1 Ng8 20. Qb3 Nd3 21. Red1 Nxb2 22. Qxb2 Qxc3 23. Qxb7 Qa3 24. Bxa7 Bxa1 25. Rxa1 Nf6 26. Bd4 Kg8 27. Be5 Rc8 28. d6 Rc1+ 29. Rxc1 Qxc1+ 30. Bf1 Qc8 31. Qxe7 Nd7 32. Bb2 Re8 33. Qg5 Qc2 34. Bd4 Qe4 35. Bc3 Qc6 36. Qd2 Qe4 37. Bg2 Qe6 38. Qd4 Ne5 39. f4 1-0

[Event "November 21 Early 2023"]
[Site "https://www.chess.com"]
[Date "2023.11.21"]
[Round "6"]
[White "Santos Flores, Alberto"]
[Black "Mikhailovsky, Vladimir"]
[Result "0-1"]
[Board "53"]
[TimeControl "180+1"]
[WhiteFideId "3601234"]
[BlackFideId "34105414"]
[WhiteElo "2235"]
[BlackElo "2257"]
[WhiteTeam "ECU"]
[BlackTeam "RUS"]
[WhiteClock "0:00:10"]
[BlackClock "0:00:07"]

1. e4 c5 2. Nf3 d6 3. Bb5+ Nd7 4. d4 cxd4 5. Qxd4 a6 6. Bxd7+ Bxd7 7. Nc3 e5 8. Qd3 Nf6 9. Bg5 Bc6 10. Nd2 h6 11. Bxf6 Qxf6 12. Nc4 Rd8 13. Ne3 Rd7 14. O-O Qd8 15. Ncd5 Be7 16. Rad1 O-O 17. Nf5 Bf6 18. Qf3 Kh7 19. g3 Re8 20. h4 Re6 21. h5 g6 22. hxg6+ fxg6 23. Nfe3 Bg5 24. Qg4 Qe8 25. f4 exf4 26. gxf4 Rxe4 27. Qh3 Bd8 28. Kf2 Rf7 29. Rh1 Rexf4+ 30. Nxf4 Rxf4+ 31. Ke2 Bxh1 32. Rxh1 Bg5 33. Kd3 Qe4+ 34. Ke2 Rf7 35. Rd1 Re7 36. Rd3 Qxe3+ 37. Rxe3 Rxe3+ 38. Qxe3 Bxe3 39. Kxe3 Kg7 40. Kf4 Kf6 0-1

[Event "November 21 Early 2023"]
[Site "https://www.chess.com"]
[Date "2023.11.21"]
[Round "6"]
[White "Demin, Vladimir"]
[Black "Sychev, Klementy"]
[Result "0-1"]
[Board "54"]
[TimeControl "180+1"]
[WhiteFideId "4167457"]
[BlackFideId "4114060"]
[WhiteElo "2579"]
[BlackElo "2583"]
[WhiteTeam "RUS"]
[BlackTeam "FID"]
[WhiteClock "0:01:15"]
[BlackClock "0:00:16"]

1. d4 Nf6 2. Nc3 d5 3. Bf4 c5 4. e4 Nxe4 5. Nxe4 dxe4 6. dxc5 Qxd1+ 7. Rxd1 Bd7 8. f3 exf3 9. Nxf3 f6 10. b4 e5 11. Be3 a6 12. Bc4 Nc6 13. c3 O-O-O 14. O-O Be7 15. a4 Na7 16. Ra1 Kb8 17. Rfb1 Bf5 18. Rb2 Bd3 19. Nd2 Bxc4 20. Nxc4 Rd3 21. Rc1 Rhd8 22. b5 axb5 23. axb5 Rxe3 24. Nxe3 Bxc5 25. Kf2 Ba3 26. Rcc2 Bxb2 27. Rxb2 Nc8 28. c4 Nd6 29. c5 Ne4+ 30. Kf3 Nxc5 31. b6 Ne6 32. Ke4 Rd4+ 33. Kf5 Nf8 34. g3 Rd6 35. Nc4 g6+ 0-1

[Event "November 21 Early 2023"]
[Site "https://www.chess.com"]
[Date "2023.11.21"]
[Round "6"]
[White "AlmasRakhmatullaev"]
[Black "Thorfinnsson, Bjorn"]
[Result "0-1"]
[Board "55"]
[TimeControl "180+1"]
[BlackFideId "2300982"]
[WhiteElo "2854"]
[BlackElo "2381"]
[BlackTeam "ISL"]
[WhiteClock "0:00:00"]
[BlackClock "0:00:27"]

1. e4 e5 2. Nf3 Nc6 3. Bc4 Nf6 4. Ng5 d5 5. exd5 Na5 6. Bb5+ Bd7 7. Bxd7+ Qxd7 8. O-O Nxd5 9. Re1 Nc6 10. Nf3 O-O-O 11. Nxe5 Nxe5 12. Rxe5 c6 13. d3 Bd6 14. Re1 Rhe8 15. Rf1 Qf5 16. Nd2 Nf4 17. Ne4 Bc7 18. Qf3 g5 19. Bxf4 gxf4 20. Kh1 Rg8 21. Rg1 Rg6 22. Rae1 Rdg8 23. d4 Rh6 24. c4 Rg4 25. h3 Rg3 26. Nxg3 Rxh3+ 0-1

[Event "November 21 Early 2023"]
[Site "https://www.chess.com"]
[Date "2023.11.21"]
[Round "6"]
[White "Boruchovsky, Avital"]
[Black "Grunberg, Mihai-Lucian"]
[Result "1/2-1/2"]
[Board "56"]
[TimeControl "180+1"]
[WhiteFideId "2800055"]
[BlackFideId "1204149"]
[WhiteElo "2450"]
[BlackElo "2363"]
[WhiteTeam "ISR"]
[BlackTeam "ROU"]
[WhiteClock "0:00:07"]
[BlackClock "0:00:07"]

1. e4 g6 2. d4 Bg7 3. h4 h5 4. Nf3 c6 5. Nc3 d5 6. Ng5 dxe4 7. Bc4 Nh6 8. Be3 O-O 9. Ncxe4 Nf5 10. Qd3 Bxd4 11. O-O-O Bxe3+ 12. fxe3 Qxd3 13. Rxd3 Nh6 14. Rhd1 Bf5 15. Rd8 Na6 16. Rxa8 Rxa8 17. Bxa6 bxa6 18. Nc5 Bg4 19. Rd3 Nf5 20. Rd7 Re8 21. Rxa7 Nxh4 22. g3 Nf5 23. Nce4 Nxe3 24. Rxa6 f6 25. Ra3 Nc4 26. Rc3 Ne5 27. Rc5 Nd7 28. Rxc6 fxg5 29. Rxg6+ Kf7 30. Rxg5 Nf6 31. Nf2 Rd8 32. a4 Rd5 33. Rxd5 Nxd5 34. Kd2 Ke6 35. c4 Nf6 36. a5 Kd6 37. b4 Bf5 38. Ke3 Ng4+ 39. Kf4 Nxf2 40. Kxf5 Nd3 41. a6 Kc7 42. b5 Kb6 43. Kg5 e5 44. Kxh5 Nb2 45. c5+ Ka7 46. Kg5 Na4 47. c6 Kb6 48. Kf5 Nc3 49. g4 e4 50. Kf4 Nxb5 51. g5 Kxc6 52. g6 e3 53. Kxe3 Nc7 54. g7 Nd5+ 55. Kd4 Nf6 56. Ke5 Ng8 57. Ke6 Kb6 58. Kf7 Nh6+ 59. Kg6 Ng8 60. Kh7 Nf6+ 61. Kg6 Ng8 62. Kf7 Nh6+ 63. Kg6 Ng8 1/2-1/2

[Event "November 21 Early 2023"]
[Site "https://www.chess.com"]
[Date "2023.11.21"]
[Round "6"]
[White "Statham_l3"]
[Black "Narayanan, Srinath"]
[Result "1-0"]
[Board "57"]
[TimeControl "180+1"]
[BlackFideId "5018420"]
[WhiteElo "2567"]
[BlackElo "2442"]
[BlackTeam "IND"]
[WhiteClock "0:00:05"]
[BlackClock "0:00:02"]

1. e4 c5 2. Nf3 d6 3. d4 cxd4 4. Nxd4 Nf6 5. Nc3 Nc6 6. Be3 Ng4 7. Bb5 Nxe3 8. fxe3 Bd7 9. Bxc6 bxc6 10. O-O e6 11. e5 d5 12. Qf3 Qe7 13. b4 f6 14. b5 Rc8 15. exf6 gxf6 16. e4 cxb5 17. exd5 e5 18. Rae1 Rg8 19. Ne4 Bg7 20. Qh5+ Kd8 21. Nf5 Bxf5 22. Qxf5 Rxc2 23. d6 Qd7 24. Qf3 f5 25. Ng5 Bf6 26. h4 h6 27. Rc1 Rxc1 28. Rxc1 e4 29. Qb3 Rg7 30. Ne6+ Ke8 31. Rc7 Bd4+ 32. Kf1 Qxd6 33. Nxg7+ Bxg7 34. Qg8+ Bf8 35. Rc8+ Kd7 36. Rxf8 Qd1+ 37. Kf2 Qd2+ 38. Kg3 Qe3+ 39. Kh2 Qf4+ 40. Qg3 Qd2 41. Rxf5 Ke6 42. Rh5 e3 43. Qg4+ Ke7 44. Qg7+ Ke6 45. Rxh6+ Kd5 46. Qg5+ Kc4 47. Rc6+ Kb4 48. Qc5+ Ka4 49. Ra6+ 1-0

[Event "November 21 Early 2023"]
[Site "https://www.chess.com"]
[Date "2023.11.21"]
[Round "6"]
[White "Pham, Le Thao Nguyen"]
[Black "Urazayev, Arystanbek"]
[Result "1/2-1/2"]
[Board "58"]
[TimeControl "180+1"]
[WhiteFideId "12401226"]
[BlackFideId "13709810"]
[WhiteElo "2261"]
[BlackElo "2405"]
[WhiteTeam "VIE"]
[BlackTeam "KAZ"]
[WhiteClock "0:00:08"]
[BlackClock "0:00:44"]

1. d4 Nf6 2. c4 g6 3. Nc3 Bg7 4. e4 O-O 5. Nf3 d6 6. h3 e5 7. dxe5 dxe5 8. Qxd8 Rxd8 9. Nd5 Nxd5 10. cxd5 c6 11. Bc4 b5 12. Bb3 Bb7 13. Bg5 Re8 14. Rd1 Nd7 15. Be3 c5 16. a4 c4 17. Ba2 a6 18. O-O Bf8 19. Rc1 Bc5 20. Bd2 Nb6 21. b3 Ba3 22. Rb1 f5 23. a5 fxe4 24. axb6 exf3 25. bxc4 fxg2 26. Rfe1 bxc4 27. Bxc4 Rac8 28. Bb3 Bd6 29. Rec1 Bc5 30. Be3 Bd6 31. Rc7 Rxc7 32. bxc7 Rc8 33. Bb6 Kf8 34. Rc1 Ke7 35. Kxg2 g5 36. f3 h5 37. Kf2 Kf6 38. Ke3 h4 39. Ke4 Ra8 40. Ba4 Ke7 41. Ba5 Rf8 42. Bd2 Kf6 43. Bd7 Bc8 44. Bxc8 Rxc8 45. Rc6 Ke7 46. Bxg5+ Kd7 47. Bxh4 a5 48. Be1 Bxc7 49. Ra6 Rh8 50. Ra7 Kd6 51. Ra6+ Kd7 52. Ra7 Kd6 53. Bxa5 Rh4+ 54. Ke3 Bxa5 55. Ra6+ Kxd5 56. Rxa5+ Ke6 57. Ra6+ Kf5 58. Ra8 Rxh3 59. Rf8+ Ke6 60. Re8+ Kd6 61. Rd8+ Ke7 62. Rd5 Ke6 63. Ra5 Rh1 64. Ra8 Re1+ 65. Kf2 Rb1 66. Kg3 Rb3 67. Re8+ Kf6 68. Kg4 Rb4+ 69. Kg3 Rb5 70. Rf8+ Ke7 71. Rh8 Rb3 72. Rh7+ Ke6 73. Kg4 Rb4+ 74. Kg3 Kd5 75. Rd7+ Kc4 76. Rd8 Kc3 77. Rd5 e4 78. fxe4 Rxe4 79. Rf5 Rd4 80. Rf3+ Rd3 81. Rxd3+ Kxd3 1/2-1/2

[Event "November 21 Early 2023"]
[Site "https://www.chess.com"]
[Date "2023.11.21"]
[Round "6"]
[White "Sonis, Francesco"]
[Black "Badelka, Olga"]
[Result "1-0"]
[Board "59"]
[TimeControl "180+1"]
[WhiteFideId "895733"]
[BlackFideId "13509926"]
[WhiteElo "2435"]
[BlackElo "2262"]
[WhiteTeam "ITA"]
[BlackTeam "FID"]
[WhiteClock "0:00:24"]
[BlackClock "0:00:00"]

1. e4 e5 2. Nf3 Nc6 3. Bb5 Nf6 4. d3 d6 5. c4 Be7 6. h3 O-O 7. Nc3 Nd7 8. O-O a6 9. Bxc6 bxc6 10. Be3 f5 11. exf5 Rxf5 12. d4 Qf8 13. d5 c5 14. Nd2 Rb8 15. b3 Rf6 16. Nde4 Rg6 17. f4 exf4 18. Rxf4 Nf6 19. Qf3 Qe8 20. Rf1 Bd7 21. Bf2 Nxe4 22. Rxe4 Qf8 23. Rf4 Rf6 24. Bg3 Rxf4 25. Bxf4 Bf6 26. Ne4 Bd4+ 27. Kh1 Re8 28. Ng3 h6 29. Qd3 Qe7 30. Qg6 Rf8 31. Kh2 Qf7 32. Qd3 Qe7 33. Rf3 g5 34. Bd2 Rxf3 35. Qxf3 Qe5 36. Qe4 Be8 37. Be1 h5 38. Qxe5 Bxe5 39. Kh1 Bg6 40. Ne2 h4 41. Bd2 Bf6 42. Ng1 Bb1 43. Ba5 Bxa2 44. Bxc7 Be7 45. Nf3 Bxb3 46. Nd2 Bc2 47. Kg1 Kf7 48. Kf2 Ke8 49. Ba5 Bf6 50. Kf3 Be5 51. Kg4 Bf4 52. Nf3 Bd3 53. Nxg5 Bxg5 54. Kxg5 Bxc4 55. Kxh4 Bxd5 56. g4 Kf7 57. Kg5 Be4 58. h4 d5 59. h5 d4 60. Bb6 d3 61. Ba5 c4 62. Kh6 Kg8 63. g5 Bf5 64. g6 Bg4 65. Kg5 Be2 66. h6 Bf3 67. Bb4 Be4 68. h7+ Kg7 69. Bc3+ 1-0

[Event "November 21 Early 2023"]
[Site "https://www.chess.com"]
[Date "2023.11.21"]
[Round "6"]
[White "Tikhonov, Viacheslav"]
[Black "Rychkov, Oleg"]
[Result "0-1"]
[Board "60"]
[TimeControl "180+1"]
[WhiteFideId "44196407"]
[BlackFideId "4122852"]
[WhiteElo "2191"]
[BlackElo "2398"]
[WhiteTeam "RUS"]
[BlackTeam "RUS"]
[WhiteClock "0:00:07"]
[BlackClock "0:00:24"]

1. e4 e5 2. Nf3 Nc6 3. Bc4 Nf6 4. Ng5 d5 5. exd5 Na5 6. Bb5+ c6 7. dxc6 bxc6 8. Be2 h6 9. Nh3 g5 10. d3 Bg7 11. Nc3 Rb8 12. Ng1 Nd5 13. Nxd5 cxd5 14. c3 Nc6 15. Bg4 O-O 16. Bxc8 Qxc8 17. Ne2 f5 18. h4 g4 19. g3 Qc7 20. d4 f4 21. dxe5 fxg3 22. fxg3 Qxe5 23. Bf4 Qe4 24. O-O Rxb2 25. Rf2 Ne5 26. Nd4 Rxf2 27. Kxf2 Nd3+ 28. Kg1 Rxf4 29. gxf4 Qe3+ 30. Kh1 Nf2+ 31. Kg2 Nxd1 32. Rxd1 Bxd4 33. Rxd4 Qf3+ 34. Kh2 g3+ 35. Kh3 g2+ 36. Kh2 Qf2 37. Rd1 g1=Q+ 38. Kh3 Qgg3# 0-1

[Event "November 21 Early 2023"]
[Site "https://www.chess.com"]
[Date "2023.11.21"]
[Round "6"]
[White "Llorente Zaro, Alfonso"]
[Black "Deng, Henry"]
[Result "1-0"]
[Board "61"]
[TimeControl "180+1"]
[WhiteFideId "2254131"]
[BlackFideId "30965454"]
[WhiteElo "2485"]
[BlackElo "2549"]
[WhiteTeam "ESP"]
[BlackTeam "USA"]
[WhiteClock "0:00:12"]
[BlackClock "0:00:15"]

1. g4 d5 2. Bg2 c6 3. h3 e5 4. d3 Nd7 5. Nc3 Bd6 6. Nf3 Ne7 7. e3 Ng6 8. Ne2 Qe7 9. Ng3 Nb6 10. Nf5 Bxf5 11. gxf5 Nh4 12. Nxh4 Qxh4 13. Qg4 Qf6 14. e4 h6 15. c3 O-O-O 16. h4 Kb8 17. Bd2 g6 18. Bh3 dxe4 19. Qxe4 Nd7 20. fxg6 Nc5 21. Qf5 Qxg6 22. Ke2 Qxf5 23. Bxf5 Be7 24. Rag1 Bf6 25. Rg4 h5 26. Rg3 Rhg8 27. Rxg8 Rxg8 28. b4 Na4 29. Be4 Rg4 30. Bf3 Rxh4 31. Rxh4 Bxh4 32. Bxh5 Nb6 33. Bxf7 Kc7 34. Kf3 Nd7 35. Be3 a6 36. Ke4 Nf6+ 37. Kf5 Nd7 38. Be6 Nf8 39. Kxe5 Be7 40. Kf5 b6 41. f3 c5 42. a3 cxb4 43. cxb4 a5 44. bxa5 bxa5 45. a4 Kd6 46. Bc4 Kc6 47. Bd2 Bd8 48. Bh6 Nd7 49. Bb5+ Kd6 50. Bxd7 Kxd7 51. Ke4 Ke6 52. Be3 Kd6 53. d4 Ke6 54. d5+ Kd7 55. Kd3 Be7 56. Kc4 Bb4 57. f4 Ke7 58. Bc5+ 1-0